Map: Ice and Chrome LE

Players

Massa

  • Race: Zerg Zerg
  • League: Gold
  • Spawn Location: 7:00

VOD

Have the link to the VOD?

Description

Time

  • Played on: July 27, 2020, 1:48 p.m.
  • Length: 35:08
Show
View Real Time Build Order
Export as new Build Order

Massa Zerg 

Build Orders:  

Get SALT Encoding   

  12  0:05  Drone  
  13  0:11  Drone  
  14  0:25  Overlord  
  14  0:36  Overlord  
  14  1:26  Hatchery  
  13  1:30  Drone x2  
  13  1:31  Drone  
  16  1:47  Drone  
  17  2:03  Spawning Pool  
  17  2:09  Extractor  
  15  2:16  Drone  
  16  2:39  Drone x2  
  18  3:13  Queen  
  20  3:23  Drone x2, Hatchery  
  20  3:24  Drone  
  20  3:29  Drone x2  
  24  3:56  Zergling x8  
  28  4:03  Queen  
  28  4:07  Queen  
  32  4:19  Overlord  
  32  4:37  Zergling x6  
  35  5:11  Queen  
  35  5:13  Zergling x2  
  38  5:35  Baneling Nest  
  37  5:42  Extractor  
  37  5:48  Drone x3  
  37  5:49  Drone x8  
  47  6:15  Queen  
  49  6:23  Drone  
  49  6:26  Overlord  
  50  6:31  Overlord  
  50  6:51  Queen x2  
  54  7:05  Queen  
  56  7:25  Overlord x2  
  56  7:26  Zergling x4  
  58  7:40  Roach Warren  
  49  8:03  Zergling x2  
  49  8:04  Zergling x16  
  58  8:11  Queen x3  
  60  8:56  Drone  
  60  8:57  Drone x8  
  69  9:24  Hatchery  
  68  9:41  Hatchery  
  68  9:44  Drone  
  68  9:45  Drone x6  
  74  10:20  Extractor  
  74  10:25  Extractor  
  72  10:35  Zergling x2  
  72  10:36  Zergling x2  
  72  10:39  Overlord x4  
  65  10:40  Overlord x5  
  74  11:19  Hatchery  
  73  11:30  Zergling x10  
  73  11:31  Zergling x20  
  88  11:53  Evolution Chamber  
  87  12:12  Baneling  
  87  12:13  Baneling x5  
  87  12:14  Baneling x2  
  87  12:24  Lair  
  87  12:50  Metabolic Boost  
  67  13:11  Zergling x2  
  67  13:12  Zergling x14  
  67  13:13  Zergling x18  
  83  13:28  Drone  
  83  13:29  Drone x5  
  89  13:38  Drone  
  89  13:39  Drone x2  
  92  14:11  Baneling x4  
  92  14:12  Baneling x2  
  92  14:13  Baneling  
  92  14:14  Baneling x2  
  92  14:15  Baneling x10  
  92  14:41  Drone  
  92  14:42  Drone x11  
  92  14:43  Drone x6  
  110  15:01  Roach  
  110  15:02  Roach x5  
  122  15:22  Drone  
  122  15:23  Drone x5  
  128  16:20  Zergling x6  
  128  16:21  Zergling x30  
  146  16:55  Infestation Pit  
  146  16:59  Overlord  
  145  17:00  Overlord x3  
  145  17:01  Overlord  
  145  17:03  Overlord  
  145  17:06  Zergling x2  
  145  17:07  Zergling x10  
  151  17:23  Drone  
  151  17:24  Drone x11  
  163  18:14  Hatchery  
  119  18:52  Roach x7  
  119  18:53  Roach x11  
  155  19:24  Hatchery  
  154  19:32  Hatchery  
  153  20:00  Spine Crawler  
  152  20:16  Evolution Chamber  
  151  20:33  Spire  
  151  20:39  Zergling x2  
  151  20:40  Zergling x32  
  151  20:41  Zergling x8  
  171  20:55  Evolution Chamber  
  171  20:56  Zerg Melee Weapons Level 1  
  170  21:21  Extractor  
  170  21:24  Extractor  
  168  21:33  Lair  
  168  21:48  Hive  
  168  22:10  Queen  
  168  22:11  Queen x4  
  178  22:42  Mutalisk  
  178  22:43  Mutalisk x10  
  178  22:48  Zerg Missile Weapons Level 1  
  200  23:01  Baneling x6  
  200  23:02  Baneling x15  
  200  23:03  Baneling x2  
  147  23:23  Zergling x2  
  147  23:24  Zergling x18  
  147  23:25  Zergling x20  
  146  23:36  Zerg Ground Armor Level 1  
  146  23:59  Zergling x6  
  139  24:00  Zergling x24  
  117  24:51  Baneling  
  117  24:52  Baneling x12  
  117  24:53  Baneling x16  
  117  24:54  Baneling  
  117  24:58  Zergling x16  
  117  24:59  Zergling x26  
  128  25:14  Drone  
  128  25:15  Drone x6  
  135  25:24  Hatchery  
  128  25:49  Hatchery  
  125  26:00  Queen  
  125  26:01  Queen x5  
  137  26:10  Zerg Melee Weapons Level 2  
  137  26:16  Zerg Missile Weapons Level 2  
  115  26:50  Queen  
  115  26:51  Queen x5  
  115  26:59  Mutalisk  
  127  27:00  Mutalisk x8  
  127  27:01  Mutalisk x9  
  161  27:40  Queen  
  161  27:41  Queen x5  
  173  28:30  Queen  
  173  28:31  Queen x5  
  185  28:49  Zergling x2  
  186  28:50  Zergling x26  
  196  29:20  Queen  
  196  29:21  Queen  
  139  29:42  Zergling x2  
  139  29:43  Zergling x14  
  139  29:44  Zergling x26  
  154  30:20  Roach  
  154  30:21  Roach x11  
  154  30:22  Roach x5  
  188  30:37  Hatchery  
  187  30:45  Hatchery  
  187  30:46  Hatchery  
  134  32:00  Mutalisk  
  134  32:01  Mutalisk x13  
  134  32:02  Mutalisk x9  
  164  32:34  Zergling x2  
  164  32:35  Zergling x34  
  164  32:36  Zergling x6  
  164  32:39  Hatchery  
  117  33:51  Mutalisk x8  
  133  34:09  Extractor  
  132  34:14  Extractor  
Tags
 
League
Gold
Matchup
Co-op
Replay Pack
Multiplayer
Add a new tag
Caveats
  • Supply blocks, unpowered buildings, or Contaminate may cause inaccurate times.
  • Supply counts are checked every 10 seconds.